 Dungeon Crawl Stone Soup version 0.21.1-1-g345015f (webtiles) character file.

1229 Kandryn the Cleaver (level 8, 0/70 HPs)
             Began as a Minotaur Fighter on June 20, 2018.
             Was a Follower of Okawaru.
             Slain by an orc warrior
             ... wielding a +0 war axe
              (14 damage)
             ... on level 5 of the Dungeon.
             The game lasted 00:29:54 (4468 turns).

Kandryn the Cleaver (Minotaur Fighter)              Turns: 4468, Time: 00:29:55

Health: 0/70       AC:  8    Str: 19 (22) XL:     8   Next: 24%
Magic:  7/7        EV:  8    Int:  4 (5)  God:    Okawaru [*.....]
Gold:   311        SH: 10    Dex:  9 (11) Spells: 6/7 levels left

rFire    . . .     SeeInvis .   a - +1 war axe
rCold    + . .     Gourm    .   c - +0 shield
rNeg     . . .     Faith    .   b - +0 scale mail
rPois    .         Spirit   .   (helmet restricted)
rElec    .         Reflect  .   s - scarf {repulsion}
rCorr    .         Harm     .   l - +0 pair of gloves
MR       .....                  (no boots)
Stlth    ..........             (no amulet)
HPRegen  0.21/turn              n - ring of protection from cold
MPRegen  0.10/turn              (no ring)

@: repel missiles
A: retaliatory headbutt, horns 2
a: Heroism, Renounce Religion


You were on level 5 of the Dungeon.
You worshipped Okawaru.
Okawaru was aware of your devotion.
You were hungry.

You visited 2 branches of the dungeon, and saw 7 of its levels.

You collected 311 gold pieces.

Inventory:

Hand Weapons
 a - a +1 war axe (weapon)
 m - a +0 war axe
 t - a +0 scythe of freezing
Missiles
 o - 3 tomahawks of returning (quivered)
Armour
 b - a +0 scale mail (worn)
 c - a +0 shield (worn)
 l - a +0 pair of gloves (worn)
 s - a scarf of repulsion (worn)
 v - a +0 chain mail
Jewellery
 n - a ring of protection from cold (left hand)
Wands
 k - a wand of flame (18)
Scrolls
 e - a scroll of enchant weapon
 h - 3 scrolls of identify
 i - 4 scrolls of remove curse
 p - a scroll of magic mapping
 r - a scroll of teleportation
Potions
 d - 2 potions of might
 g - 3 potions of curing
 j - a potion of cancellation
 q - a potion of brilliance
Books
 w - a book of Minor Magic

   Spells                             Type                      Level
   a - Magic Dart                     Conjuration                  1
   b - Blink                          Translocation                2
   c - Call Imp                       Summoning                    2
   d - Slow                           Hexes                        2
   e - Conjure Flame                  Conjuration/Fire             3
   f - Mephitic Cloud                 Conjuration/Poison/Air       3
Comestibles
 f - 8 rations


   Skills:
 + Level 5.7 Fighting
 + Level 8.3 Axes
 + Level 6.0 Armour
 + Level 1.5 Dodging
 + Level 0.7 Stealth
 + Level 6.3 Shields


You had 6 spell levels left.
You knew the following spells:

 Your Spells              Type           Power        Failure   Level  Hunger
a - Magic Dart            Conj           #...         99%         1    ##.....


Dungeon Overview and Level Annotations

Branches:
Dungeon (6/15)             Temple (1/1) D:4

Altars:
Ashenzari
Dithmenos
Elyvilon
Fedhas
Gozag
Kikubaaqudgha
Makhleb
Nemelex Xobeh
Okawaru
Ru
Sif Muna
Trog
Uskayaw
Vehumet
Wu Jian
Xom
Yredelemnul
The Shining One

Shops:
D:5 =


Innate Abilities, Weirdness & Mutations

You reflexively headbutt those who attack you in melee.
You have a pair of horns on your head.


Message History

The orc warrior is moderately wounded.
The orc warrior hits you with a war axe.
* * * LOW HITPOINT WARNING * * *
Your scale mail prevents you from hitting the orc warrior.
You headbutt the orc warrior, but do no damage.
The orc warrior is moderately wounded.
The orc warrior barely misses you.
You closely miss the orc warrior.
The orc warrior is moderately wounded.
The orc warrior hits you with a war axe.
* * * LOW HITPOINT WARNING * * *
Aiming: Throw Flame
Press: ? - help, Shift-Dir - straight line, f - orc warrior
Aim: an orc warrior, wielding a war axe and wearing a plate armour (moderately wounded)
The puff of flame hits the orc warrior.
The orc warrior is heavily wounded.
You barely miss the orc warrior. You headbutt the orc warrior.
The orc warrior is heavily wounded.
The orc warrior hits you with a war axe!
You die...

#####################
....#...............#
....#...........#.#.#
....#............∩..#
....##......##>.#.###
#...##......##..o..#
#...##.......#..@..#
.....'......##....#############
#....#......#####'##...##.....##
#....#......+.....'............#
#...##+#######....#............#
#...##......##....#............#
'.................#............#
#...........########...##..)...#
#...##......##[...##...##......#


You could see an orc warrior.

Vanquished Creatures
  Sigmund (D:5)
  Eustachio (D:4)
  An ice beast (D:5)
  A black bear (D:5)
  An ogre (D:4)
  A howler monkey (D:4)
  3 crimson imps
  A gnoll shaman (D:5)
  An iguana (D:4)
  A worker ant (D:4)
  Ijyb (D:3)
  4 orc wizards
  A hound skeleton (D:4)
  A worker ant zombie (D:5)
  9 gnolls
  10 adders
  3 worms
  A dart slug (D:1)
  3 leopard geckos
  15 orcs
  2 bats (D:1)
  6 giant cockroaches
  2 goblins (D:1)
  9 hobgoblins
  9 jackals
  2 quokkas
  A ball python (D:1)
  9 frilled lizards
  10 kobolds
  8 rats
118 creatures vanquished.

Notes
Turn   | Place    | Note
-------+----------+-------------------------------------------
     0 | D:1      | Kandryn the Minotaur Fighter began the quest for the Orb.
     0 | D:1      | Reached XP level 1. HP: 19/19 MP: 0/0
   149 | D:1      | Reached XP level 2. HP: 27/27 MP: 1/1
   460 | D:1      | Reached skill level 3 in Axes
   510 | D:2      | Reached XP level 3. HP: 33/33 MP: 2/2
   570 | D:2      | Reached XP level 4. HP: 30/40 MP: 3/3
   583 | D:2      | Reached skill level 4 in Axes
   716 | D:2      | Found a burning altar of Makhleb.
   878 | D:2      | Reached XP level 5. HP: 47/47 MP: 4/4
  1335 | D:3      | Reached skill level 5 in Axes
  1449 | D:3      | Noticed Ijyb
  1465 | D:3      | Killed Ijyb
  1825 | D:4      | Reached skill level 5 in Shields
  1825 | D:4      | Reached XP level 6. HP: 50/53 MP: 5/5
  2035 | D:4      | Found a shattered altar of Ashenzari.
  2037 | D:4      | Found a hazy altar of Hepliaklqana.
  2037 | D:4      | Found a bloodstained altar of Trog.
  2039 | D:4      | Found an iron altar of Okawaru.
  2039 | D:4      | Found a shimmering altar of Xom.
  2039 | D:4      | Found a bloodstained altar of Trog.
  2117 | D:4      | Noticed Eustachio
  2136 | D:4      | Reached skill level 6 in Axes
  2229 | D:4      | Killed Eustachio
  2434 | D:4      | Reached skill level 5 in Fighting
  2434 | D:4      | Reached skill level 5 in Armour
  2434 | D:4      | Reached XP level 7. HP: 23/61 MP: 6/6
  2828 | D:4      | Found a radiant altar of Vehumet.
  2984 | D:4      | Found a staircase to the Ecumenical Temple.
  2998 | Temple   | Entered the Ecumenical Temple
  3119 | Temple   | Became a worshipper of Warmaster Okawaru
  3456 | D:4      | Reached skill level 7 in Axes
  3523 | D:5      | Entered Level 5 of the Dungeon
  3570 | D:5      | Noticed Sigmund
  3807 | D:5      | Killed Sigmund
  3807 | D:5      | Reached skill level 1 in Dodging
  3868 | D:5      | Reached * piety under Okawaru
  3883 | D:5      | Reached XP level 8. HP: 43/69 MP: 7/7
  4015 | D:5      | Found Moatynydda's Jewellery Shoppe.
  4097 | D:5      | Found an ornate altar of the Wu Jian Council.
  4244 | D:5      | Reached skill level 8 in Axes
  4305 | D:5      | Learned a level 1 spell: Magic Dart
  4305 | D:5      | Found an ancient bone altar of Kikubaaqudgha.
  4305 | D:5      | Found a shimmering altar of Xom.
  4468 | D:5      | Slain by an orc warrior

Skill      XL: |  1  2  3  4  5  6  7  8 |
---------------+-------------------------+-----
Fighting       | 4 5 |  5.7
Shields        | 4 5 6 |  6.3
Armour         | 4 5 6 |  6.0
Axes           | 3 4 5 6 7 8 |  8.3
Dodging        | 1 |  1.5
Stealth        | |  0.7

Action                   |  1- 3 |  4- 6 |  7- 9 || total
-------------------------+-------+-------+-------++-------
Melee: War axe           |    60 |   163 |   116 ||   339
       Headbutt          |    10 |    25 |    20 ||    55
Evoke: Wand              |       |       |     1 ||     1
  Use: Scroll            |     7 |       |     3 ||    10
       Potion            |     2 |     4 |     3 ||     9
 Stab: Invisible         |       |       |     2 ||     2
  Eat: Chunk             |       |     4 |     7 ||    11
Armor: Scale mail        |    27 |    82 |    31 ||   140
Dodge: Dodged            |    13 |    65 |    41 ||   119
       Deflected         |       |       |     2 ||     2
Block: Shield            |    27 |   101 |    40 ||   168
